 Dungeon Crawl Stone Soup version 0.28.0-45-g0d030f2227 (webtiles) character file.

Game seed: 177944563161843303

111 croobank the Insei (level 4, -1/29 HPs)
             Began as an Octopode Transmuter on Apr 18, 2022.
             Slain by an orc
             ... wielding a +0 whip
              (4 damage)
             ... on level 3 of the Dungeon.
             The game lasted 00:08:51 (3276 turns).

croobank the Insei (Octopode Transmuter)            Turns: 3276, Time: 00:09:21

Health: -1/29      AC:  1    Str:  9    XL:     4   Next: 92%
Magic:  5/7        EV: 11    Int: 17    God:
Gold:   86         SH:  6    Dex: 12    Spells: 5/8 levels left

rFire   . . .      SeeInvis .   r - +4 whip
rCold   . . .      Faith    .   d - +0 kite shield
rNeg    . . .      Spirit   .   (helmet currently unavailable)
rPois   .          Reflect  .   (no amulet)
rElec   .          Harm     .   (no ring)
rCorr   .          Rampage  .   (no ring)
Will    .....                   (no ring)
Stlth   ++........              (no ring)
HPRegen 0.09/turn               (no ring)
MPRegen 0.10/turn               (no ring)
                                (no ring)
                                (no ring)

@: appendages, very slightly contaminated
A: tentacle spike 3, almost no armour, amphibious, 8 rings, camouflage 1,
gelatinous body 1, (nimble swimmer 1), tentacles
a: End Transformation


You were on level 3 of the Dungeon.
One of your tentacles had grown a beastly spike.
You visited 1 branch of the dungeon, and saw 3 of its levels.

You collected 86 gold pieces.

Inventory:

Hand Weapons
 a - a +0 flail
 b - a +0 hunting sling
 g - a +0 spear
 r - a +4 whip (weapon)
Missiles
 f - 94 arrows
 h - 2 poisoned darts
 k - 165 stones
 n - 6 curare-tipped darts (quivered)
 p - 4 boomerangs
 q - 23 bolts
Armour
 d - a +0 kite shield (worn)
 m - a +1 hat
Magical Staves
 c - a staff of cold
Jewellery
 s - a +6 ring of strength
Scrolls
 l - a scroll of magic mapping {unknown}
 o - a scroll of amnesia {unknown}
Potions
 e - a potion of mutation {unknown}
 i - a potion of haste {unknown}
 j - a potion of brilliance {unknown}
 t - a potion of curing {unknown}
 u - a potion of experience {unknown}


   Skills:
 + Level 2.1 Fighting
 * Level 0.0 Maces & Flails
 + Level 2.7 Dodging
 - Level 3.5 Unarmed Combat
 + Level 2.6 Spellcasting
 + Level 2.7 Transmutations


You had 5 spell levels left.
You knew the following spells:

 Your Spells              Type           Power      Damage    Failure   Level
a - Beastly Appendage     Tmut           22%        N/A       22%         1
b - Wereblood             Tmut           11%        N/A       32%         2

Your spell library contained the following spells:

 Spells                   Type           Power      Damage    Failure   Level
 Spider Form              Tmut/Pois      7%         N/A       75%         3
 Ice Form                 Ice/Tmut       7%         N/A       98%         4
 Fireball                 Conj/Fire      1%         3d3       100%        5
 Iskenderun's Battlesphe  Conj           2%         2d6       100%        5
 Conjure Ball Lightning   Conj/Air       1%         3x3d6     100%        6
 Orb of Destruction       Conj           1%         9d5       100%        7


Dungeon Overview and Level Annotations

Branches:
Dungeon (3/15)

Altars:


Innate Abilities, Weirdness & Mutations

One of your tentacles has grown a beastly spike.
You cannot wear most types of armour.
You are amphibious.
You can wear up to eight rings at the same time.
Your skin changes colour to match your surroundings (Stealth+).
Your rubbery body absorbs attacks. (AC +1, EV +1)
((You are camouflaged when in or above water. (Stealth+)))
You have tentacles for arms and can constrict up to eight enemies at once.


Message History

You kill the dart slug!
No target in view!
No target in view!
Your transformation is almost over.
Your magical contamination has completely faded away.
Your tentacle spike disappears.
u - a sedimented white potion
Found a quarterstaff.
Natasha and an orc come into view.
Found 19 stones.
The orc shouts!
Natasha hisses angrily.
Casting: Beastly Appendage (safe; 22% risk of failure)
Confirm with . or Enter, or press ? or * to list all spells.
One of your tentacles grows a vicious spike.
Casting: Beastly Appendage (safe; 22% risk of failure)
Confirm with . or Enter, or press ? or * to list all spells.
You miscast Beastly Appendage.
You are very lightly contaminated with residual magic.
Nothing appears to happen.
You whack Natasha! You grab Natasha.
You pierce Natasha.
Natasha is severely wounded.
You constrict Natasha.
Natasha extends her claws.
Natasha stares at you and mumbles some strange words.
The magic dart hits you!
You hit Natasha.
Natasha is almost dead.
You constrict Natasha, but do no damage.
Natasha stares at you and mumbles some strange words.
The magic dart hits you. Natasha claws you!
* * * LOW HITPOINT WARNING * * *
You are too injured to fight recklessly!
You are too injured to fight recklessly!
You hit Natasha.
You kill Natasha!
Natasha growls in agony!
The orc hits you with a +0 whip.
* * * LOW HITPOINT WARNING * * *
The orc hits you with a +0 whip.
You die...

##### ###
#(###.... ..#
.......# #.#
#.o.#####)#
#.@...##.#
##.##.##.#
#######
#.##.##.# #.#
#.....#
#.......# #.#
#.....#
####.#### #.#
#.....# #.# #.#
#.....# #.# #.#
#.....# #####.#
#.#
###..####.....#


You could see an orc.

Vanquished Creatures
  Natasha (D:3)
  A gnoll (D:1)
  2 adders (D:2)
  2 worms (D:3)
  5 dart slugs
  4 bats
  3 endoplasms
  2 giant cockroaches
  10 hobgoblins
  3 jackals (D:3)
  4 quokkas
  5 ball pythons
  3 frilled lizards
  8 goblins
  7 kobolds
  6 rats
66 creatures vanquished.

Vanquished Creatures (others)
  2 withered plants (D:2)
2 creatures vanquished.

Grand Total: 68 creatures vanquished

Notes
Turn   | Place    | Note
-------+----------+-------------------------------------------
     0 | D:1      | croobank the Octopode Transmuter began the quest for the
                  | Orb.
     0 | D:1      | Reached XP level 1. HP: 13/13 MP: 3/3
   322 | D:1      | Reached XP level 2. HP: 6/18 MP: 3/5
   529 | D:1      | Learned a level 2 spell: Wereblood
   778 | D:1      | Reached XP level 3. HP: 23/23 MP: 4/6
  1741 | D:2      | Found a faded altar of an unknown god.
  1850 | D:2      | Reached XP level 4. HP: 25/29 MP: 7/7
  3270 | D:3      | Noticed Natasha
  3276 | D:3      | Killed Natasha
  3276 | D:3      | Slain by an orc

Illustrated notes

Levels and vault maps discovered:
D:1:      lightli_iron_boxes, layout_loops_ring, dk_noncrumbling_3,
          amethyst_killhole
D:2:      layout_basic, ebering_ecumenical_altar_petrified,
          minmay_goblin_outpost
D:3:      layout_loops_cross, kennysheep_orc_sif_temple, minmay_circle_x,
          uniq_natasha

Skill      XL: |  1  2  3  4 |
---------------+-------------+-----
Fighting       | 2 |  2.1
Dodging        | |  2.7
Unarmed Combat | |  3.5
Spellcasting   | |  2.6
Transmutations | |  2.7

Action                   |  1- 3 |  4- 6 || total
-------------------------+-------+-------++-------
Melee: Unarmed           |    52 |       ||    52
       Constrict         |    19 |    23 ||    42
       Kick              |    17 |    20 ||    37
       Tentacles         |    14 |    10 ||    24
       Punch             |     1 |     1 ||     2
       Spear             |    18 |    62 ||    80
       Whip              |       |     4 ||     4
 Cast: Beastly Appendage |    22 |    16 ||    38
       Wereblood         |       |     1 ||     1
 Stab: Sleeping          |     4 |     1 ||     5
Armor: Skin              |     2 |     5 ||     7
Dodge: Dodged            |    38 |    22 ||    60
Block: Kite shield       |     9 |    19 ||    28
